 Dungeon Crawl Stone Soup version 0.29.1-1-gd02db6906a (webtiles) character file.

Game seed: 10945457303511498618

2996 Tirrikindir the Fighter (level 9, 0/67 HPs)
             Began as an Octopode Fighter on Oct 21, 2022.
             Was an Initiate of Gozag.
             Succumbed to a killer bee's poison
             ... on level 7 of the Dungeon.
             The game lasted 00:20:24 (9432 turns).

Tirrikindir the Fighter (Octopode Fighter)          Turns: 9432, Time: 00:20:25

Health: 0/67       AC:  1    Str: 15    XL:     9   Next: 84%
Magic:  11/12      EV: 15    Int: 13    God:    Gozag
Gold:   393        SH:  5    Dex: 13    Spells: 12/12 levels left

rFire   . . .      SeeInvis .   q - +1 whip (freeze)
rCold   . . .      Faith    .   b - +0 buckler
rNeg    . . .      Spirit   .   (helmet restricted)
rPois   .          Reflect  .   (no amulet)
rElec   .          Harm     .   r - ring of resist corrosion
rCorr   +          Rampage  .   (no ring)
Will    .....                   (no ring)
Stlth   ++++......              (no ring)
HPRegen 0.21/turn               (no ring)
MPRegen 0.13/turn               (no ring)
                                (no ring)
                                (no ring)

@: lethally poisoned (0 -> -3), gold aura, on berserk cooldown, slowed, very
slow
A: almost no armour, amphibious, 8 rings, camouflage 1, gelatinous body 1,
(nimble swimmer 1), tentacles
a: Renounce Religion, Potion Petition, Call Merchant, Bribe Branch


You were on level 7 of the Dungeon.
You worshipped Gozag.
Gozag was aware of your devotion.
You visited 2 branches of the dungeon, and saw 8 of its levels.

You collected 649 gold pieces.
You spent 151 gold pieces at shops.
You paid 105 gold pieces to Gozag.

Inventory:

Hand Weapons
 q - a +1 whip of freezing (weapon)
 z - a +2 hand axe of holy wrath
Missiles
 v - 2 curare-tipped darts
 x - 12 poisoned darts (quivered)
Armour
 b - a +0 buckler (worn)
Jewellery
 r - a ring of resist corrosion (left tentacle)
Wands
 o - a wand of roots (31)
 t - a wand of polymorph (7)
 u - a wand of mindburst (2)
Scrolls
 a - a scroll of summoning {unknown}
 d - 3 scrolls of enchant armour
 i - a scroll of immolation
 k - 2 scrolls of vulnerability
 l - 2 scrolls of silence
 m - 3 scrolls of teleportation
 n - 2 scrolls of amnesia
 y - 5 scrolls of fog
 B - a scroll of fear
Potions
 c - a potion of might
 e - 3 potions of brilliance
 f - 4 potions of curing
 g - 2 potions of cancellation
 j - a potion of berserk rage
 p - a potion of ambrosia
 w - a potion of haste
 C - 2 potions of flight


   Skills:
 * Level 8.7 Fighting
 - Level 2.0 Maces & Flails
 - Level 2.0 Throwing
 * Level 6.1 Dodging
 + Level 7.0 Stealth
 * Level 6.1 Shields
 + Level 2.0 Spellcasting
 + Level 4.0 Evocations


You had 12 spell levels left.
You didn't know any spells.
Your spell library contained the following spells:

 Spells                   Type           Power      Damage    Failure   Level
 Necrotise                Necr           4%         1d4       32%         1
 Shock                    Conj/Air       4%         1d3       32%         1
 Portal Projectile        Hex/Tloc       2%         N/A       67%         3
 Swiftness                Air            1%         N/A       67%         3
 Tukima's Dance           Hex            1%         N/A       67%         3
 Vampiric Draining        Necr           1%         2d6       67%         3
 Airstrike                Air            0%         2d(1-17)  97%         4
 Agony                    Necr           1%         N/A       100%        5
 Blade Hands              Tmut           0%         N/A       100%        5
 Irradiate                Conj/Tmut      0%         3d11      100%        5
 Dragon Form              Tmut           0%         N/A       100%        7


Dungeon Overview and Level Annotations

Branches:
Dungeon (7/15)             Temple (1/1) D:6

Altars:
Cheibriados
Dithmenos
Elyvilon
Fedhas
Gozag
Kikubaaqudgha
Makhleb
Nemelex Xobeh
Okawaru
Qazlal
Ru
Sif Muna
Trog
Uskayaw
Vehumet
Wu Jian
Xom
Yredelemnul
Zin
The Shining One

Shops:
D:2 !   D:5 ?


Innate Abilities, Weirdness & Mutations

You cannot wear most types of armour.
You are amphibious.
You can wear up to eight rings at the same time.
Your skin changes colour to match your surroundings (Stealth+).
Your rubbery body absorbs attacks. (AC +1, EV +1)
((You are camouflaged when in or above water. (Stealth+)))
You have tentacles for arms and can constrict up to eight enemies at once.


Message History

You block the killer bee's attack.
You barely miss the killer bee.
The killer bee is almost dead.
You constrict the killer bee.
You kill the killer bee!
The killer bee is distracted by your dazzling golden aura.
The killer bee closely misses you.
Your Stealth skill increases to level 7!
Your Spellcasting skill increases to level 2!
You miss the killer bee.
The killer bee buzzes angrily.
Your grab misses the killer bee. The killer bee completely misses you.
You closely miss the killer bee. Your grab misses the killer bee.
The killer bee stings you.
You are poisoned.
The killer bee poisons you!
You whack the killer bee! You freeze the killer bee.
You kill the killer bee!
You feel sick.
The killer bee is no longer distracted by gold.
The killer bee misses you.
You whack the killer bee! You freeze the killer bee.
You kill the killer bee!
You are no longer berserk.
You are exhausted.
You feel yourself slow down.
You feel sick.
Your Evocations skill increases to level 4!
You feel sick.
The electric eel shoots out a bolt of lightning at you!
The bolt of electricity hits you!
* * * LOW HITPOINT WARNING * * *
You see here 19 gold pieces.
As you read the scroll of teleportation, it crumbles to dust.
You feel strangely unstable.
You feel sick.
The electric eel shoots out a bolt of lightning at you!
The bolt of electricity hits you!
* * * LOW HITPOINT WARNING * * *
Your surroundings suddenly seem different.
You die...
Your body crumbles into a pile of gold.

......~~~P♣P~~~S≈≈≈≈≈≈≈≈≈~♣~~~~♣~
.......~♣~PP~~~≈≈≈≈≈≈≈≈≈♣~~♣~(~~.
##.......~~~~P~~ ~~≈~≈~~~~~~~~~♣.
#.........~~~P♣~ ♣~~~~~P~~♣♣$♣♣..
.......#....~~♣~P♣~~~~ ♣~$♣...#
##..)..##.......♣~~~♣♣♣ ##...###
...#....#.....###.....####..###
...###..#.....#..[##.# #...##
..##.......#....@.##$###.###
..#....######.....##.....#
..................#.....##
........................##
...................##....#
............##..........##
.................#......#
.................#...####
................##...#


There were no monsters in sight!

Vanquished Creatures
  Joseph (D:7)
  Eustachio (D:4)
  3 ice beasts
  A sky beast (D:7)
  A black bear (D:7)
  3 ogres
  2 phantoms (D:5)
  3 kobold brigands
  2 bullfrogs
  2 necrophages
  A scorpion (D:6)
  9 killer bees (D:7)
  An electric eel (D:7)
  3 jellies
  An orc priest (D:7)
  2 hounds
  2 iguanas (D:5)
  Ijyb (D:4)
  Natasha (thrice) (D:3)
  6 orc wizards
  Terence (D:3)
  4 gnolls (D:4)
  4 adders
  A white imp (D:5)
  An ufetubus (D:6)
  3 worms
  5 dart slugs
  22 orcs
  6 ball pythons
  10 endoplasms
  4 giant cockroaches
  12 hobgoblins
  4 jackals (D:3)
  7 quokkas
  5 bats
  3 frilled lizards
  9 goblins
  17 kobolds
  2 rats (D:1)
168 creatures vanquished.

Vanquished Creatures (others)
  5 fungi (D:2)
  28 plants
33 creatures vanquished.

Grand Total: 201 creatures vanquished

Notes
Turn   | Place    | Note
-------+----------+-------------------------------------------
     0 | D:1      | Tirrikindir the Octopode Fighter began the quest for the
                  | Orb.
     0 | D:1      | Reached XP level 1. HP: 16/16 MP: 1/1
   260 | D:1      | Reached XP level 2. HP: 19/21 MP: 2/2
   289 | D:1      | Reached skill level 1 in Stealth
   970 | D:1      | Reached XP level 3. HP: 26/26 MP: 3/3
  1692 | D:2      | Found Zotobaumn's Distillery.
  1699 | D:2      | Bought a potion of degeneration for 11 gold pieces
  1768 | D:2      | Found a faded altar of an unknown god.
  1772 | D:2      | Reached XP level 4. HP: 25/33 MP: 4/4
  2264 | D:3      | Noticed Natasha
  2268 | D:3      | Killed Natasha
  2269 | D:3      | Reached skill level 4 in Fighting
  2400 | D:3      | Reached XP level 5. HP: 28/37 MP: 5/5
  2503 | D:3      | Noticed Terence
  2512 | D:3      | Killed Terence
  2691 | D:3      | Found a glowing golden altar of the Shining One.
  2691 | D:3      | Found a shimmering altar of Xom.
  2770 | D:3      | Noticed Natasha
  2785 | D:3      | Killed Natasha
  2930 | D:3      | Noticed Natasha
  2938 | D:3      | Killed Natasha
  3040 | D:3      | Reached skill level 1 in Evocations
  3255 | D:4      | Reached XP level 6. HP: 44/44 MP: 6/6
  3434 | D:4      | Noticed Ijyb
  3447 | D:4      | Killed Ijyb
  3639 | D:4      | Noticed Eustachio
  3658 | D:4      | Killed Eustachio
  3659 | D:4      | Reached skill level 5 in Fighting
  3871 | D:4      | Reached XP level 7. HP: 47/50 MP: 7/7
  4688 | D:5      | Entered Level 5 of the Dungeon
  5106 | D:5      | Reached skill level 6 in Fighting
  5106 | D:5      | Reached skill level 5 in Stealth
  5106 | D:5      | Reached XP level 8. HP: 55/57 MP: 8/8
  5470 | D:5      | Identified the +1 rapier of Fimbulwinter {holy, Drain rC+
                  | rN+}
  5472 | D:5      | Found Licusud's Magic Scroll Shoppe.
  5774 | D:5      | Bought a scroll of identify for 28 gold pieces
  5774 | D:5      | Bought a scroll of identify for 28 gold pieces
  5774 | D:5      | Bought a scroll of identify for 28 gold pieces
  5774 | D:5      | Bought a scroll of fear for 56 gold pieces
  5798 | D:5      | Reached skill level 5 in Dodging
  5968 | D:5      | Reached skill level 5 in Shields
  6794 | D:6      | Found a sparkling altar of Nemelex Xobeh.
  6969 | D:6      | Reached skill level 7 in Fighting
  7292 | D:6      | Found a staircase to the Ecumenical Temple.
  7304 | Temple   | Entered the Ecumenical Temple
  7304 | Temple   | Found a transporter.
  7304 | Temple   | Found a transporter.
  7306 | Temple   | Found a transporter.
  7306 | Temple   | Found a transporter.
  7324 | Temple   | Became a worshipper of Gozag Ym Sagoz the Greedy
  7444 | D:6      | Reached skill level 8 in Fighting
  7875 | D:6      | Reached XP level 9. HP: 33/66 MP: 9/9
  8043 | D:7      | Noticed Joseph
  8075 | D:7      | Killed Joseph
  8076 | D:7      | Reached skill level 1 in Throwing
  8076 | D:7      | Reached skill level 1 in Spellcasting
  9409 | D:7      | HP: 1/67 [electric eel/bolt of electricity (6)]
  9431 | D:7      | HP: 1/67 [electric eel/bolt of electricity (12)]
  9432 | D:7      | Succumbed to a killer bee's poison

Illustrated notes

Levels and vault maps discovered:
D:1:      dpeg_arrival_tiny_j, layout_loops_corners, serial_glass,
          glass_columns_b, glass_columns_c, minmay_pentomino_o2
D:2:      layout_rooms, serial_shops, nicolae_shop_hallway_plus,
          shapermc_ecumenical_altar_ellora, minmay_randomly_rotated_circles
D:3:      layout_basic, nicolae_overflow_two_pavilions, uniq_terence,
          uniq_natasha
D:4:      cheibrodos_thug_alley, layout_loops_ring, kennysheep_generic_room_4,
          uniq_eustachio, uniq_ijyb
D:5:      layout_basic, serial_shops, shop, minmay_increasing_density
D:6:      layout_rooms, nemelex_spade_bored_becter,
          minmay_temple_entry_offerings, st_stairs_4
D:7:      layout_cave_pools, serial_bayou_lake_a, uniq_joseph
Temple:   hellmonk_temple_divided_pantheon

Skill      XL: |  1  2  3  4  5  6  7  8  9 |
---------------+----------------------------+-----
Stealth        | 1 2 3 4 5 6 7 |  7.0
Fighting       | 4 5 6 8 |  8.7
Evocations     | 1 2 3 4 |  4.0
Dodging        | 4 5 6 |  6.1
Shields        | 4 5 6 |  6.1
Throwing       | 2 |  2.0
Spellcasting   | 2 |  2.0
Maces & Flails | |  2.0

Action                   |  1- 3 |  4- 6 |  7- 9 || total
-------------------------+-------+-------+-------++-------
Melee: Flail             |    55 |    93 |       ||   148
       Constrict         |    13 |    38 |    52 ||   103
       Tentacles         |     9 |    34 |    74 ||   117
       Whip              |       |    28 |   244 ||   272
       Punch             |       |       |     7 ||     7
       Short sword       |       |       |     3 ||     3
       Hand axe          |       |       |    12 ||    12
Throw: Dart              |       |       |     6 ||     6
Evoke: Wand              |       |     1 |     9 ||    10
  Use: Scroll            |     5 |     2 |    11 ||    18
       Potion            |       |     2 |     8 ||    10
 Stab: Sleeping          |     7 |    13 |    12 ||    32
Armor: Skin              |     3 |     8 |    12 ||    23
Dodge: Dodged            |    24 |    87 |   141 ||   252
Block: Buckler           |     8 |    17 |    45 ||    70
